 Dungeon Crawl Stone Soup version 0.28-a0-1638-g9123634e07 (webtiles) character file.

Game seed: 4858772082591137129

476 hatsuma the Ruffian (level 6, -5/51 HPs)
             Began as a Draconian Transmuter on Jan 25, 2022.
             Was a Follower of Uskayaw.
             Slain by an ogre (25 damage)
             ... on level 5 of the Dungeon.
             The game lasted 00:35:07 (5815 turns).

hatsuma the Ruffian (Draconian Transmuter)          Turns: 5815, Time: 00:35:08

Health: -5/51      AC:  6    Str: 12    XL:     6   Next: 84%
Magic:  11/18      EV: 12    Int: 16    God:    Uskayaw [*.....]
Gold:   119        SH:  0    Dex: 11    Spells: 3/9 levels left

rFire   . . .      SeeInvis .     - Unarmed
rCold   . . .      Faith    .   (no shield)
rNeg    . . .      Spirit   .   (armour unavailable)
rPois   .          Reflect  .   (helmet currently unavailable)
rElec   .          Harm     .   (no cloak)
rCorr   .          Rampage  .   (no gloves)
Will    .....                   (boots currently unavailable)
Stlth   ++........              (no amulet)
HPRegen 0.17/turn               h - ring of magical power
MPRegen 0.16/turn               (no ring)

@: appendages, wereblooded, very slightly contaminated
A: horns 2, talons 2, AC +6, unfitting armour, cold-blooded
a: End Transformation, Renounce Religion, Stomp


You were on level 5 of the Dungeon.
You worshipped Uskayaw.
Uskayaw was noncommittal.
You had temporarily grown beastly horns and talons.
You visited 2 branches of the dungeon, and saw 6 of its levels.

You collected 119 gold pieces.

Inventory:

Missiles
 i - 4 javelins
Jewellery
 h - a ring of magical power (left hand)
Scrolls
 a - a scroll of holy word
 b - a scroll of torment {unknown}
 f - a scroll of enchant weapon {unknown}
 j - a scroll of amnesia {unknown}
 k - 2 scrolls of teleportation {unknown}
 l - a scroll of acquirement {unknown}
 m - a scroll of enchant armour {unknown}
Potions
 c - 2 potions of attraction
 d - a potion of curing {unknown}
 e - a potion of brilliance
 g - a potion of invisibility {unknown}


   Skills:
 - Level 3.4 Fighting
 - Level 2.5 Dodging
 - Level 2.0 Stealth
 + Level 5.0 Unarmed Combat
 - Level 2.0 Spellcasting
 - Level 3.0 Transmutations
 - Level 2.5 Poison Magic
 - Level 0.7 Evocations


You had 3 spell levels left.
You knew the following spells:

 Your Spells              Type           Power      Damage    Failure   Level
a - Beastly Appendage     Tmut           22%        N/A       6%          1
b - Wereblood             Tmut           11%        N/A       9%          2
c - Spider Form           Tmut/Pois      10%        N/A       21%         3

Your spell library contained the following spells:

 Spells                   Type           Power      Damage    Failure   Level
 Foxfire                  Conj/Fire      4%         2x1d4     21%         1
 Confusing Touch          Hex            1%         N/A       52%         3
 Conjure Flame            Conj/Fire      1%         6-21      52%         3
 Inner Flame              Hex/Fire       1%         N/A       52%         3
 Ice Form                 Ice/Tmut       6%         N/A       73%         4
 Flame Wave               Conj/Fire      1%         2d4       90%         4
 Yara's Violent Unravell  Hex/Tmut       3%         3d4       97%         5
 Enfeeble                 Hex            0%         N/A       100%        7


Dungeon Overview and Level Annotations

Branches:
Dungeon (5/15)             Temple (1/1) D:5

Altars:
Ashenzari
Cheibriados
Dithmenos
Elyvilon
Gozag
Hepliaklqana
Nemelex Xobeh
Okawaru
Qazlal
Ru
Sif Muna
Trog
Uskayaw
Vehumet
Wu Jian
Xom
Yredelemnul
Zin
The Shining One

Shops:
D:1 :


Innate Abilities, Weirdness & Mutations

You have temporarily grown beastly horns and talons.
Your plain brown scales are hard. (AC +6)
You cannot fit into any form of body armour.
You are cold-blooded and may be slowed by cold attacks.


Message History

Moving in this stuff is going to be slow.
There is a staircase back to the Dungeon here.
You can't go down here!
You climb upwards.
Welcome back to the Dungeon!
There is a staircase to the Ecumenical Temple here.
An iguana comes into view.
A necrophage and an ogre come into view.
The ogre shouts!
Found a pair of embroidered boots.
Casting: Wereblood (safe; 9% risk of failure)
Confirm with . or Enter, or press ? or * to list all spells.
Your blood is infused with primal strength.
Casting: Wereblood (safe; 9% risk of failure)
Confirm with . or Enter, or press ? or * to list all spells.
You miscast Spider Form.
You are very lightly contaminated with residual magic.
You feel rather nauseous for a moment!
You are poisoned.
You feel sick. The ogre barely misses you.
You feel sick.
You feel sick.
You feel sick.
You feel sick.
You are no longer poisoned.
Casting: Spider Form (dangerous; 21% risk of failure)
Confirm with . or Enter, or press ? or * to list all spells.
You turn into a venomous arachnid creature.
The ogre hits you with a +0 giant spiked club!!
Casting: Spider Form (quite dangerous; 41% risk of failure)
Confirm with . or Enter, or press ? or * to list all spells.
Your transformation has ended.
You grow a pair of large bovine horns.
Your feet morph into talons.
You hit the ogre. You headbutt the ogre!
Your tail-slap misses the ogre.
The ogre is heavily wounded.
The ogre misses you.
You can now stomp with the beat.
You closely miss the ogre.
The ogre is heavily wounded.
The ogre hits you with a +0 giant spiked club!!
You die...

#. ########## ##.
####+#....... ..#.#+######
#.........######.#.l.......
#................#.........
#..........n...............
#.........@O..........$....
#.........##...#...........
######...#<....#.##...O....
#.#.####n.#......n....
#.#.......###.#.#####.
#.#####...###.#.# #.#
#.....n...# #.#
#.#.##....### #.#
#...........#


You could see an ogre and a necrophage.

Vanquished Creatures
  An ogre (D:4)
  2 jellies
  2 hounds (D:4)
  2 orc priests (D:3)
  Natasha (D:2)
  A killer bee zombie (D:4)
  6 adders
  A shadow imp (D:5)
  An adder skeleton (D:4)
  3 worms
  2 dart slugs
  7 orcs
  9 endoplasms
  2 giant cockroaches
  11 goblins
  6 hobgoblins
  4 quokkas
  6 ball pythons
  8 bats
  2 frilled lizards
  10 kobolds
  7 rats
94 creatures vanquished.

Vanquished Creatures (others)
  7 plants
7 creatures vanquished.

Grand Total: 101 creatures vanquished

Notes
Turn   | Place    | Note
-------+----------+-------------------------------------------
     0 | D:1      | hatsuma the Draconian Transmuter began the quest for the
                  | Orb.
     0 | D:1      | Reached XP level 1. HP: 16/16 MP: 3/3
   151 | D:1      | Found Gutz's Book Shoppe.
   157 | D:1      | Reached skill level 1 in Stealth
   249 | D:1      | Reached XP level 2. HP: 20/23 MP: 3/5
   664 | D:1      | Learned a level 2 spell: Wereblood
   985 | D:1      | Reached XP level 3. HP: 28/29 MP: 6/6
  1022 | D:1      | Found a faded altar of an unknown god.
  1910 | D:2      | Reached XP level 4. HP: 32/36 MP: 5/7
  2204 | D:2      | Noticed Natasha
  2231 | D:2      | Killed Natasha
  2548 | D:3      | Found a shimmering blue altar of Sif Muna.
  2907 | D:3      | Reached skill level 4 in Unarmed Combat
  2972 | D:3      | Reached XP level 5. HP: 41/41 MP: 8/8
  2976 | D:3      | Learned a level 3 spell: Spider Form
  3569 | D:3      | Reached skill level 1 in Poison Magic
  3998 | D:4      | Reached XP level 6. HP: 33/48 MP: 9/9
  4728 | D:4      | HP: 2/48 [wight (7)]
  5512 | D:5      | Entered Level 5 of the Dungeon
  5538 | D:5      | Found a staircase to the Ecumenical Temple.
  5557 | D:5      | Reached skill level 5 in Unarmed Combat
  5579 | Temple   | Entered the Ecumenical Temple
  5764 | Temple   | Became a worshipper of Uskayaw the Reveller
  5814 | D:5      | Reached * piety under Uskayaw
  5815 | D:5      | Slain by an ogre

Illustrated notes

Levels and vault maps discovered:
D:1:      lemuel_arrival_lava_pool, layout_basic, basic_ecumenical_altar,
          serial_shops, nicolae_shop_stone, nicolae_wormholes
D:2:      layout_loops_ring, serial_forest, infiniplex_forest_clump_long,
          infiniplex_forest_clump_small, infiniplex_forest_clump_curved,
          infiniplex_forest_straight_3, uniq_natasha
D:3:      layout_basic, mainiacjoe_overflow_cross_hatched,
          hangedman_abyss_or_decor_stabs, minmay_door_square
D:4:      kennysheep_goblin_castle, layout_rooms
D:5:      layout_basic, minmay_temple_entry_grid, grunt_ministairs_11
Temple:   regret_index_temple_mists

Skill      XL: |  1  2  3  4  5  6 |
---------------+-------------------+-----
Stealth        | 1 2 |  2.0
Fighting       | 2 3 |  3.4
Transmutations | 3 |  3.0
Unarmed Combat | 4 5 |  5.0
Poison Magic   | 2 |  2.5
Dodging        | 2 |  2.5
Spellcasting   | |  2.0
Evocations     | |  0.7

Action                   |  1- 3 |  4- 6 || total
-------------------------+-------+-------++-------
Melee: Unarmed           |   111 |   194 ||   305
       Kick              |    22 |    26 ||    48
       Tailslap          |    11 |    35 ||    46
       Headbutt          |     9 |    23 ||    32
       Punch             |     1 |     6 ||     7
Throw: Javelin           |       |     2 ||     2
 Cast: Beastly Appendage |    26 |    19 ||    45
       Wereblood         |     1 |    10 ||    11
       Spider Form       |       |     1 ||     1
  Use: Scroll            |       |     3 ||     3
 Stab: Sleeping          |     2 |     5 ||     7
Armor: Skin              |    29 |    62 ||    91
Dodge: Dodged            |    68 |   106 ||   174

Table legend: (Time is in decaauts)
 A = Elapsed time spent in this place.
 B = Non-inter-level travel time spent in this place.
 C = Inter-level travel time spent in this place.
 D = Time resting spent in this place.
 E = Time spent auto-exploring this place.
 F = Levels seen in this place.
 G = Mean time per level.
                   A        B        C        D        E       F      G
               +--------+--------+--------+--------+--------+-----+--------+
         Total |   5872 |   5537 |    335 |   1580 |   1981 |   6 |  978.7 |
       Dungeon |   5604 |   5289 |    315 |   1580 |   1981 |   5 | 1120.8 |
        Temple |    267 |    248 |     19 |      0 |      0 |   1 |  267.0 |
               +--------+--------+--------+--------+--------+-----+--------+

Top non-repeatable levels by time:
     D:3: 1970 daAuts
     D:1: 1297 daAuts
     D:2: 1165 daAuts
     D:4: 1070 daAuts
  Temple: 267 daAuts
     D:5: 101 daAuts
